 Dungeon Sprint DCSS version 0.24.1-14-gf8d2b509d9 (webtiles) character file.

Game seed: 4200125358724702387, levelgen mode: deterministic

0 Baz the Skirmisher (level 2, -4/29 HPs)
             Began as a Minotaur Fighter on Oct 5, 2020.
             Was an Initiate of Trog.
             Slain by Sigmund
             ... wielding a +0 scythe
              (7 damage)
             ... in the Dungeon (Sprint VI: "Thunderdome").
             The game lasted 00:00:47 (51 turns).

Baz the Skirmisher (Minotaur Fighter)                 Turns: 51, Time: 00:00:48

Health: -4/29      AC:  7    Str: 20    XL:     2   Next: 86%
Magic:  1/1        EV:  7    Int:  5    God:    Trog [......]
Gold:   200        SH:  9    Dex:  9    Spells: 1/1 levels left

rFire    . . .     SeeInvis .   a - +0 flail
rCold    . . .     Gourm    .   c - +0 shield
rNeg     . . .     Faith    .   b - +0 scale mail
rPois    .         Spirit   .   (helmet restricted)
rElec    .         Reflect  .   (no cloak)
rCorr    .         Harm     .   (no gloves)
MR       .....     NoTele   +   (no boots)
Stlth    ..........             (no amulet)
HPRegen  0.09/turn              (no ring)
MPRegen  0.07/turn              (no ring)

@: no status effects
A: retaliatory headbutt, horns 2
a: Renounce Religion


You were in the Dungeon.
You worshipped Trog.
Trog was noncommittal.
You were not hungry.

You visited 1 branch You collected 200 gold pieces.

Inventory:

Hand Weapons
 a - a +0 flail (weapon)
Armour
 b - a +0 scale mail (worn)
 c - a +0 shield (worn)
Wands
 l - a wand of acid (5)
 m - a wand of iceblast (5)
Scrolls
 k - 4 scrolls of blinking
 n - 3 scrolls of fog
Potions
 d - a potion of might
 e - a potion of curing
 g - 4 potions of heal wounds
 h - 4 potions of haste
 i - 2 potions of magic
 j - a potion of berserk rage
 o - 2 potions of resistance
Comestibles
 f - a ration


   Skills:
 + Level 5.3 Fighting
 * Level 3.1 Maces & Flails
 + Level 5.3 Armour
 + Level 5.2 Shields


You had one spell level left.
You didn't know any spells.
Your spell library was empty.

Dungeon Overview and Level Annotations

Branches:
Dungeon (1/1)

Altars:
Cheibriados
Dithmenos
Fedhas
Gozag
Kikubaaqudgha
Makhleb
Okawaru
Qazlal
Ru
Sif Muna
Trog
Uskayaw
Vehumet
Wu Jian
Xom
Yredelemnul
Zin
The Shining One
Beogh
Jiyva
Lugonu

Shops:
D *[%??*?*:[((!!!!

Annotations:
D Sigmund


Innate Abilities, Weirdness & Mutations

You reflexively headbutt those who attack you in melee.
You have a pair of horns on your head.


Message History

Sigmund the Dreaded comes into view.
He is wielding a +0 scythe.
Sigmund shouts!
Found Jaodghop's Distillery and Deoc Iphe's Bottled Wisdom.
Sigmund barely misses you.
You barely miss Sigmund. Sigmund hits you with a +0 scythe!
Your shield and scale mail prevent you from hitting Sigmund.
You block Sigmund's attack.
Okay, then.
You thump Sigmund! Your headbutt misses Sigmund.
Sigmund is moderately wounded.
Sigmund hits you with a +0 scythe!
* * * LOW HITPOINT WARNING * * *
You hit Sigmund but do no damage.
Sigmund is moderately wounded.
You block Sigmund's attack.
Okay, then.
You sock Sigmund!
Sigmund is severely wounded.
Sigmund hits you with a +0 scythe!
You die...

#⌠...........⌠#
####.8.........8.######
___......###)......._∩##
.......8.# #.8........∩##
.........###.............
......###...###..........
......# #.<.# #..........
......###...###..........
.........###...@@........
.......8.# #.8........∩##
.__......###......___∩##
####.8.........8.######
#⌠...........⌠#
###.........###
#_......._# #_......._#
#_......._#


You could see Sigmund.

Vanquished Creatures
  Jessica (D)
1 creature vanquished.

Notes
Turn   | Place    | Note
-------+----------+-------------------------------------------
     0 | D        | Baz the Minotaur Fighter began the quest for the Orb.
     0 | D        | Reached XP level 1. HP: 19/19 MP: 0/0
     1 | D        | Found a blossoming altar of Fedhas.
     1 | D        | Found a roughly hewn altar of Beogh.
     2 | D        | Found a shimmering blue altar of Sif Muna.
     2 | D        | Found a hide-covered altar of Uskayaw.
     3 | D        | Found a stormy altar of Qazlal.
     3 | D        | Found a basalt altar of Yredelemnul.
     4 | D        | Found a snail-covered altar of Cheibriados.
     4 | D        | Found an ornate altar of the Wu Jian Council.
     4 | D        | Found Pas Riv's Weapon Rack.
     4 | D        | Found Kuirhum's Premium Goods.
     5 | D        | Found Qaywuoni's Basic Armour.
     5 | D        | Found Taenosk's Miscellaneous Merchandise.
     5 | D        | Round 1.
     8 | D        | Found an iron altar of Okawaru.
     9 | D        | Found a viscous altar of Jiyva.
    11 | D        | Found Gaeloric's Identification Station.
    11 | D        | Found a corrupted altar of Lugonu.
    11 | D        | Found a sacrificial altar of Ru.
    11 | D        | Found a shadowy altar of Dithmenos.
    11 | D        | Found Ceopeel's Delicious Food.
    13 | D        | Found Exzauluo's Advanced Armour.
    13 | D        | Found Wilomm's Jewellery.
    16 | D        | Found an opulent altar of Gozag.
    17 | D        | Found a burning altar of Makhleb.
    18 | D        | Found a glowing golden altar of the Shining One.
    19 | D        | Found a shimmering altar of Xom.
    19 | D        | Found a glowing silver altar of Zin.
    19 | D        | Found a bloodstained altar of Trog.
    19 | D        | Found Suilemee's Magic Scroll Shop.
    19 | D        | Found Duleak's Staff Store.
    20 | D        | Found Leavuq's Magic Scroll Shop.
    20 | D        | Found Yqets's Must-Have Magic.
    27 | D        | Became a worshipper of Trog the Wrathful
    31 | D        | Noticed Jessica
    38 | D        | Killed Jessica
    38 | D        | Reached skill level 5 in Fighting
    38 | D        | Reached skill level 5 in Armour
    38 | D        | Reached skill level 5 in Shields
    38 | D        | Reached XP level 2. HP: 29/29 MP: 1/1
    41 | D        | Found an ancient bone altar of Kikubaaqudgha.
    41 | D        | Found a radiant altar of Vehumet.
    42 | D        | Found Qapn's Distillery.
    42 | D        | Found Wudwaine's Do-It-Yourself Clinic.
    43 | D        | Found Jaodghop's Distillery.
    43 | D        | Found Deoc Iphe's Bottled Wisdom.
    43 | D        | Noticed Sigmund
    51 | D        | Slain by Sigmund

Levels and vault maps discovered:
D:        arena_sprint

Skill      XL: |  1 |
---------------+----+-----
Fighting       | 5 |  5.3
Maces & Flails | 3 |  3.1
Armour         | 5 |  5.3
Shields        | 5 |  5.2

Action                   || total
-------------------------++-------
Melee: Flail             ||     6
Dodge: Dodged            ||     1
Block: Shield            ||     2
